 Dungeon Crawl Stone Soup version 0.28.0-53-g5a82cb258f (webtiles) character file.

Game seed: 5061733629000095053

1024 Gabide the Poker (level 8, -5/62 HPs)
             Began as a Human Monk on June 1, 2022.
             Slain by a two-headed ogre
             ... wielding a +0 giant spiked club
              (10 damage)
             ... on level 4 of the Dungeon.
             The game lasted 00:14:24 (5373 turns).

Gabide the Poker (Human Monk)                       Turns: 5373, Time: 00:14:26

Health: -5/62      AC: 13    Str: 12    XL:     8   Next: 46%
Magic:  12/12      EV: 15    Int: 10    God:
Gold:   231        SH:  0    Dex: 24    Spells: 12/13 levels left

rFire   + . .      SeeInvis +   h - +5 spear "Meenuc" {vamp, rPois Will+ Dex-4 SInv}
rCold   . . .      Faith    .   (no shield)
rNeg    . . .      Spirit   .   q - +3 leather armour {rF+}
rPois   +          Reflect  .   (no helmet)
rElec   +          Harm     .   k - scarf {repulsion}
rCorr   .          Rampage  .   j - +1 pair of gloves
Will    .....                   n - +0 pair of boots
Stlth   ++++......              (no amulet)
HPRegen 0.20/turn               b - ring "Qiynee Casal" {Contam rElec AC+4 Dex+10 Stlth+}
MPRegen 0.13/turn               (no ring)

@: weak-willed, repel missiles
A: no striking features
a: no special abilities


You were on level 4 of the Dungeon.
You visited 1 branch of the dungeon, and saw 5 of its levels.

You collected 231 gold pieces.

Inventory:

Hand Weapons
 h - the +5 spear "Meenuc" (weapon) {vamp, rPois Will+ Dex-4 SInv}
   (You took it off a kobold on level 2 of the Dungeon)

   It occasionally heals its wielder for a portion of the damage dealt when it
   wounds a living foe.
   Dex:       It affects your dexterity (-4).
   rPois:     It protects you from poison.
   SInv:      It lets you see invisible.
   Will:      It increases your willpower.
Missiles
 m - 2 javelins
Armour
 f - an orb of mayhem
 j - a +1 pair of gloves (worn)
 k - a scarf of repulsion (worn)
 n - a +0 pair of boots (worn)
 q - a +3 leather armour of fire resistance (worn)
Jewellery
 b - the ring "Qiynee Casal" (left hand) {Contam rElec AC+4 Dex+10 Stlth+}
   (You acquired it on level 2 of the Dungeon)

   [ring of protection]

   AC:        It affects your AC (+4).
   Dex:       It affects your dexterity (+10).
   rElec:     It insulates you from electricity.
   Contam:    It causes magical contamination when unequipped.
   Stlth:     It makes you more stealthy.
Scrolls
 g - a scroll of fog
 i - 3 scrolls of brand weapon
 l - a scroll of identify
Potions
 p - a potion of ambrosia
 r - a potion of resistance


   Skills:
 - Level 5.0 Fighting
 - Level 5.0 Polearms
 - Level 5.0 Dodging
 - Level 3.0 Stealth
 - Level 3.0 Spellcasting
 + Level 4.3 Necromancy


You had 12 spell levels left.
You knew the following spells:

 Your Spells              Type           Power      Damage    Failure   Level
a - Pain                  Necr           40%        1d6       6%          1

Your spell library contained the following spells:

 Spells                   Type           Power      Damage    Failure   Level
 Ensorcelled Hibernation  Hex/Ice        2%         N/A       47%         2
 Passwall                 Tmut/Erth      0%         N/A       47%         2
 Ozocubu's Armour         Ice            1%         N/A       71%         3
 Swiftness                Air            1%         N/A       71%         3
 Metabolic Englaciation   Hex/Ice        0%         N/A       100%        5
 Simulacrum               Ice/Necr       2%         N/A       100%        6


Dungeon Overview and Level Annotations

Branches:
Dungeon (5/15)
 Temple: D:4-7

Altars:
Xom

Shops:
D:3 :=

Annotations:
D:4 Natasha


Message History

Aiming: Pain (safe; 6% risk of failure)
Press: ? - help, Q - select action, (/) - cycle Shift-Dir - straight line, f/p - two-headed ogre
Aim: a two-headed ogre, wielding a +0 giant spiked club and a +0 giant club (heavily wounded, poisoned, chance to affect: 46%)
The two-headed ogre writhes in agony.
Unknown command.
Things that are here:
a +1 leather armour of willpower; a +0 dagger
There is a stone staircase leading up, spattered with blood here.
The two-headed ogre hits you but does no damage.
The two-headed ogre barely misses you.
You climb upwards.
There is a stone staircase leading down here.
You see here a scorpion corpse.
The two-headed ogre looks more healthy.
The two-headed ogre barely misses you. The two-headed ogre closely misses you.
There is an open door here.
The two-headed ogre closely misses you.
The two-headed ogre hits you with a +0 giant club!
* * * LOW HITPOINT WARNING * * *
You see here 26 stones.
Natasha, Servant of Life and Death comes into view.
There is an open door here.
Natasha extends her claws.
As you read the scroll labelled RYTWUO QOBOMOU, it crumbles to dust.
Magic quickly surges around you.
It was a scroll of vulnerability.
The two-headed ogre misses you. The two-headed ogre barely misses you.
As you read the scroll labelled KINUASY ENGI, it crumbles to dust.
It is a scroll of enchant weapon.
You aren't carrying any weapons that can be enchanted.
The two-headed ogre closely misses you. x2
As you read the scroll labelled FESUOLI TORHIL, it crumbles to dust.
It is a scroll of enchant armour.
Your +0 pair of gloves glows green for a moment.
You puncture the two-headed ogre!
You feel better.
You punch the two-headed ogre, but do no damage.
The two-headed ogre is severely wounded.
Natasha mumbles some strange words.
The two-headed ogre closely misses you.
The two-headed ogre hits you with a +0 giant club!
You die...

#.# ##.####### ##.########## #.#
#.# #.# # #.## #.# #.# # #..# #.#
##'## # ##.# #.# ##...## # #.#
#.## ##.....## ## ##.# ####..###
##.......## ##.
...#####.......###.........####..
...............h@O(...[....'.....
##.#####......5###.........####..
...# #.......# ##.......## ##.
##.# #.......# ##.....## ## ##.#
#.......# ##...## ## ...#
#.......# ##+## ##. ####
#####.### #.# #.. #.# #.# ##. #.#
##.## ##


You could see a two-headed ogre (weak-willed), Natasha (weak-willed) and a
shadow imp (summoned).

Vanquished Creatures
  Edmund (D:4)
  2 necrophages (D:4)
  A centaur (D:5)
  A kobold brigand (D:5)
  A wyvern zombie (D:5)
  2 scorpions
  A howler monkey (D:4)
  A centaur zombie (D:4)
  A jelly (D:4)
  2 hounds
  An iguana (D:5)
  Natasha (D:4)
  An orc wizard (D:5)
  2 gnolls
  6 adders
  A white imp (D:5)
  3 worms
  4 dart slugs
  9 orcs
  7 ball pythons
  6 endoplasms
  5 giant cockroaches
  5 goblins
  4 hobgoblins
  6 jackals (D:3)
  2 quokkas
  7 bats
  4 frilled lizards
  10 kobolds
  7 rats
104 creatures vanquished.

Vanquished Creatures (others)
  2 fungi (D:1)
  A plant (D:1)
3 creatures vanquished.

Grand Total: 107 creatures vanquished

Notes
Turn   | Place    | Note
-------+----------+-------------------------------------------
     0 | D:1      | Gabide the Human Monk began the quest for the Orb.
     0 | D:1      | Reached XP level 1. HP: 18/18 MP: 1/1
   289 | D:1      | Reached XP level 2. HP: 24/24 MP: 2/2
   817 | D:1      | Found a faded altar of an unknown god.
   823 | D:1      | Reached XP level 3. HP: 27/29 MP: 3/3
   850 | D:1      | Got Plato's Volume of Dark Magic
   966 | D:1      | Learned a level 1 spell: Pain
  1075 | D:2      | Reached XP level 4. HP: 33/35 MP: 1/4
  1263 | D:2      | Found a shimmering altar of Xom.
  1289 | D:2      | Reached skill level 1 in Necromancy
  1436 | D:2      | Identified a scroll of acquirement
  1436 | D:2      | Acquired the ring "Qiynee Casal" {Contam rElec AC+4 Dex+10
                  | Stlth+}
  1825 | D:2      | Identified the +5 spear "Meenuc" {vamp, rPois Will+ Dex-4
                  | SInv}
  2528 | D:3      | Noticed a black bear
  2578 | D:3      | Reached XP level 5. HP: 40/41 MP: 0/5
  2981 | D:3      | Found Fajaplam's Jewellery Emporium.
  3286 | D:3      | Found Ywinays's Book Shop.
  3543 | D:4      | Reached XP level 6. HP: 43/48 MP: 2/6
  3555 | D:4      | Noticed a necrophage
  3601 | D:4      | Killed a necrophage
  3602 | D:4      | Reached skill level 1 in Spellcasting
  4111 | D:4      | Noticed a necrophage
  4120 | D:4      | Killed a necrophage
  4121 | D:4      | Reached XP level 7. HP: 52/54 MP: 9/11
  4419 | D:4      | Noticed Natasha
  4427 | D:4      | Killed Natasha
  4435 | D:4      | Noticed Edmund
  4465 | D:4      | Killed Edmund
  4857 | D:5      | Entered Level 5 of the Dungeon
  4975 | D:5      | Reached XP level 8. HP: 54/57 MP: 12/12
  5142 | D:4      | Reached skill level 5 in Fighting
  5142 | D:4      | Reached skill level 5 in Polearms
  5142 | D:4      | Reached skill level 5 in Dodging
  5211 | D:5      | Noticed a two-headed ogre
  5365 | D:4      | HP: 3/62 [two-headed ogre/+0 giant spiked club (11)]
  5368 | D:4      | Noticed Natasha
  5373 | D:4      | Slain by a two-headed ogre

Illustrated notes

Levels and vault maps discovered:
D:1:      amcnicky_arrival_double_pillar, layout_rooms,
          shapermc_ecumenical_altar_rom_forum
D:2:      layout_basic, basic_altar
D:3:      layout_loops_ring, serial_shops, nicolae_shop_hallway_stairs, shop,
          hangedman_feature_mirror, chequers_serial_rivers_micro_a,
          lightli_corner_chamber
D:4:      layout_loops_corners, corexii_item_surrounded_by_moat, uniq_natasha,
          uniq_edmund
D:5:      layout_basic, temple_statues, minmay_manual_moon

Skill      XL: |  1  2  3  4  5  6  7  8 |
---------------+-------------------------+-----
Necromancy     | 2 3 4 |  4.3
Fighting       | 4 5 |  5.0
Polearms       | 4 5 |  5.0
Dodging        | 4 5 |  5.0
Spellcasting   | 3 |  3.0
Stealth        | 3 |  3.0

Action                   |  1- 3 |  4- 6 |  7- 9 || total
-------------------------+-------+-------+-------++-------
Melee: Spear             |   116 |   132 |   146 ||   394
       Punch             |     1 |     1 |     4 ||     6
Throw: Dart              |       |       |     7 ||     7
 Cast: Pain              |     3 |    50 |    13 ||    66
  Use: Scroll            |       |     2 |     7 ||     9
       Potion            |       |     1 |       ||     1
 Stab: Sleeping          |     2 |     1 |       ||     3
       Held in net/web   |     1 |       |       ||     1
Armor: Robe              |     3 |       |       ||     3
       Ring mail         |    16 |    49 |     6 ||    71
       Leather armour    |       |       |    58 ||    58
Dodge: Dodged            |    60 |    60 |   141 ||   261
       Repelled          |       |     1 |       ||     1
